| TOP OF THE 1ST |
|
Nassau Black Sails batting - Pitching for Mazatlan Playas : RHP Chris Whitt
|
|
Pitching: RHP Chris Whitt
|
|
|
Batting: RHB Rob Andrews
|
0-0: Fly out, F9 (Flyball, 9LSF, EV 91.9 MPH)
|
|
Batting: LHB Creighton Tevlin
|
0-0: Ball 1-0: Ball 2-0: Swinging Strike 2-1: Foul Ball, location: 2F 2-2: Ground out 5-3 (Groundball, 56S, EV 86.3 MPH)
|
|
Batting: LHB Jason Turner
|
0-0: Called Strike 0-1: Ball 1-1: SINGLE (Groundball, 34D, EV 94.4 MPH)
|
|
Batting: LHB Phil Childers
|
0-0: Fly out, F8 (Flyball, 8LXD, EV 95.0 MPH)
|
| Top of the 1st over - 0 runs, 1 hit, 0 errors, 1 left on base; Nassau 0 - Mazatlan 0 |
| BOTTOM OF THE 1ST |
|
Mazatlan Playas batting - Pitching for Nassau Black Sails : RHP Brad McRoberts
|
|
Pitching: RHP Brad McRoberts
|
|
|
Batting: LHB Dan Rohn
|
0-0: Ball 1-0: Ball 2-0: Ball 3-0: Base on Balls
|
|
Batting: SHB Tony Fernandez
|
0-0: Ball 1-0: Ball 2-0: SINGLE (Line Drive, 9S, EV 95.6 MPH) Dan Rohn to second Runner from 2nd tries for 3rd, SAFE, throw by RF made to third
|
|
Batting: LHB Brent Hillenga
|
0-0: Ball 1-0: Foul Ball, location: 2F 1-1: Ball 2-1: Ball 3-1: Foul Ball, location: 2F 3-2: Foul Ball, location: 2F 3-2: Foul Ball, location: 2F 3-2: SINGLE (Flyball, 78M, EV 88.8 MPH) Dan Rohn scores Tony Fernandez to second
|
|
Batting: RHB Robert Potts
|
0-0: Ball 1-0: Ball 2-0: Ball 3-0: Base on Balls Tony Fernandez to third Brent Hillenga to second
|
|
Batting: LHB Matt Winters
|
0-0: Ball 1-0: Ball 2-0: Ball 3-0: Base on Balls Tony Fernandez scores Brent Hillenga to third Robert Potts to second
|
|
Batting: LHB Max Venable
|
0-0: Ball 1-0: Ball 2-0: Ground out 4-3 (Groundball, 4M, EV 83.8 MPH) Brent Hillenga scores Robert Potts to third Matt Winters to second
|
|
Batting: RHB Dale Berra
|
0-0: Ball 1-0: Ball 2-0: Called Strike 2-1: Called Strike 2-2: Foul Ball, location: 2F 2-2: Foul Ball, location: 2F 2-2: Fly out, F9 (Flyball, 9D, EV 108.8 MPH) Runner from 3rd tags up, SCORES, no throw by RF Matt Winters to third
|
|
Batting: SHB Donnie Scott
|
0-0: Called Strike 0-1: Swinging Strike 0-2: Foul Ball, location: 2F 0-2: Ball 1-2: Ball 2-2: Ball 3-2: Base on Balls
|
|
Batting: RHB Mark Naehring
|
0-0: Ball 1-0: Ball 2-0: Ball 3-0: Called Strike 3-1: Base on Balls Donnie Scott to second
|
|
Batting: LHB Dan Rohn
|
0-0: Called Strike 0-1: Ball 1-1: Fly out, F7 (Flyball, 7S, EV 80.6 MPH)
|
| Bottom of the 1st over - 4 runs, 2 hits, 0 errors, 3 left on base; Nassau 0 - Mazatlan 4 |
| TOP OF THE 2ND |
|
Nassau Black Sails batting - Pitching for Mazatlan Playas : RHP Chris Whitt
|
|
Batting: RHB Gene Laguna
|
0-0: Ball 1-0: Ball 2-0: Foul Ball, location: 2F 2-1: Ball 3-1: Foul Ball, location: 2F 3-2: Ground out 6-3 (Groundball, 6, EV 100.6 MPH)
|
|
Batting: RHB Juan Martinez
|
0-0: Called Strike 0-1: Ball 1-1: Foul Ball, location: 2F 1-2: Ball 2-2: Foul Ball, location: 2F 2-2: Foul Ball, location: 2F 2-2: Ground out 5-3 (Groundball, 56S, EV 86.9 MPH)
|
|
Batting: RHB Justin Henderson
|
0-0: Ball 1-0: Ball 2-0: Foul Ball, location: 2F 2-1: Ball 3-1: Foul Ball, location: 2F 3-2: Foul Ball, location: 2F 3-2: Ground out 3-1 (Groundball, 34, EV 105.6 MPH)
|
| Top of the 2nd over - 0 runs, 0 hits, 0 errors, 0 left on base; Nassau 0 - Mazatlan 4 |
| BOTTOM OF THE 2ND |
|
Mazatlan Playas batting - Pitching for Nassau Black Sails : RHP Brad McRoberts
|
|
Batting: SHB Tony Fernandez
|
0-0: Ball 1-0: SINGLE (Line Drive, 3D, EV 99.4 MPH)
|
|
Batting: LHB Brent Hillenga
|
0-0: Ball Tony Fernandez steals 2nd base 1-0: Ball 2-0: Called Strike 2-1: Called Strike 2-2: Foul Ball, location: 2F 2-2: Ball 3-2: Strikes out looking
|
|
Batting: RHB Robert Potts
|
0-0: Ball 1-0: Foul Ball, location: 2F 1-1: Swinging Strike 1-2: Foul Ball, location: 2F 1-2: Strikes out swinging
|
|
Batting: LHB Matt Winters
|
0-0: Ball 1-0: Ball 2-0: Ball 3-0: Called Strike 3-1: Base on Balls
|
|
Batting: LHB Max Venable
|
0-0: Called Strike 0-1: Ball 1-1: Ball 2-1: Foul Ball, location: 2F 2-2: SINGLE (Line Drive, 9S, EV 105.0 MPH) Tony Fernandez to third Matt Winters to second Runner from 3rd tries for Home, SAFE, throw by RF to home
|
|
Pitching: RHP Frank Reyes
|
|
|
Batting: RHB Dale Berra
|
0-0: Foul Ball, location: 2F 0-1: Ball 1-1: Foul Ball, location: 2F 1-2: Strikes out looking
|
| Bottom of the 2nd over - 1 run, 2 hits, 0 errors, 2 left on base; Nassau 0 - Mazatlan 5 |
| TOP OF THE 3RD |
|
Nassau Black Sails batting - Pitching for Mazatlan Playas : RHP Chris Whitt
|
|
Batting: RHB Josh Houck
|
0-0: Foul Ball, location: 2F 0-1: SINGLE (Line Drive, 9S, EV 103.1 MPH)
|
|
Batting: RHB Dwight Carter
|
0-0: Ball 1-0: SINGLE (Groundball, 56D, EV 96.9 MPH) Josh Houck to second
|
|
Batting: RHB Rob Andrews
|
0-0: Swinging Strike 0-1: Fielders Choice at 2nd, 3-6 (Groundball, 34, EV 102.5 MPH) Josh Houck to third
|
|
Batting: LHB Creighton Tevlin
|
0-0: Ball 1-0: Swinging Strike 1-1: Ball 2-1: Called Strike 2-2: Strikes out looking
|
|
Batting: LHB Jason Turner
|
0-0: Fly out, F8 (Flyball, 89M, EV 85.0 MPH)
|
| Top of the 3rd over - 0 runs, 2 hits, 0 errors, 2 left on base; Nassau 0 - Mazatlan 5 |
| BOTTOM OF THE 3RD |
|
Mazatlan Playas batting - Pitching for Nassau Black Sails : RHP Frank Reyes
|
|
Batting: SHB Donnie Scott
|
0-0: Ball 1-0: Called Strike 1-1: Foul Ball, location: 2F 1-2: Foul Ball, location: 2F 1-2: Foul Ball, location: 2F 1-2: Foul Ball, location: 2F 1-2: Strikes out swinging
|
|
Batting: RHB Mark Naehring
|
0-0: Ball 1-0: Called Strike 1-1: Ball 2-1: Ball 3-1: Foul Ball, location: 2F 3-2: SINGLE (Groundball, 56D, EV 101.3 MPH)
|
|
Batting: LHB Dan Rohn
|
0-0: Ball 1-0: Ball 2-0: Foul Ball, location: 2F 2-1: Swinging Strike 2-2: Ball 3-2: Foul Ball, location: 2F 3-2: Base on Balls Mark Naehring to second
|
|
Batting: SHB Tony Fernandez
|
0-0: SINGLE (Line Drive, 9S, EV 110.6 MPH) Mark Naehring to third Dan Rohn to second Runner from 3rd tries for Home, SAFE, no throw by RF
|
|
Batting: LHB Brent Hillenga
|
0-0: Swinging Strike 0-1: Foul Ball, location: 2F 0-2: Foul Ball, location: 2F 0-2: Foul Ball, location: 2F 0-2: Ball 1-2: Foul Ball, location: 2F 1-2: Ball 2-2: Foul Ball, location: 2F 2-2: Foul Ball, location: 2F 2-2: SINGLE (Groundball, 6, EV 81.9 MPH) (infield hit) Dan Rohn to third Tony Fernandez to second
|
|
Batting: RHB Robert Potts
|
0-0: Ball Wild Pitch! Dan Rohn scores Tony Fernandez to third Brent Hillenga to second 1-0: Ball 2-0: Ball 3-0: Base on Balls
|
|
Batting: LHB Matt Winters
|
0-0: Called Strike 0-1: Ball 1-1: Foul Ball, location: 2F 1-2: TRIPLE (Groundball, 3L, EV 105.0 MPH) Tony Fernandez scores Brent Hillenga scores Robert Potts scores
|
|
Pitching: RHP Bob Reese
|
|
|
Batting: LHB Max Venable
|
0-0: Ball 1-0: Called Strike 1-1: Ball 2-1: Ground out 4-3 (Groundball, 4D, EV 100.6 MPH) Matt Winters scores
|
|
Batting: RHB Dale Berra
|
0-0: Foul Ball, location: 2F 0-1: Ball 1-1: Ball 2-1: SINGLE (Line Drive, 6D, EV 101.3 MPH)
|
|
Batting: SHB Donnie Scott
|
0-0: Ball 1-0: Ball 2-0: Foul Ball, location: 2F 2-1: Fly out, F9 (Line Drive, 9, EV 86.9 MPH)
|
| Bottom of the 3rd over - 6 runs, 5 hits, 0 errors, 1 left on base; Nassau 0 - Mazatlan 11 |
| TOP OF THE 4TH |
|
Nassau Black Sails batting - Pitching for Mazatlan Playas : RHP Chris Whitt
|
|
Batting: LHB Phil Childers
|
0-0: Called Strike 0-1: Ball 1-1: Foul Ball, location: 2F 1-2: DOUBLE (Flyball, 7LD, EV 103.1 MPH)
|
|
Batting: RHB Gene Laguna
|
0-0: Called Strike 0-1: Fly out, F7 (Flyball, 78M, EV 81.9 MPH)
|
|
Batting: RHB Juan Martinez
|
0-0: Fly out, F1 (Line Drive, P, EV 75.6 MPH)
|
|
Batting: RHB Justin Henderson
|
0-0: Swinging Strike 0-1: Ball 1-1: Ball 2-1: Foul Ball, location: 2F 2-2: Foul Ball, location: 2F 2-2: SINGLE (Groundball, 56D, EV 101.3 MPH) Phil Childers to third Runner from 3rd tries for Home, SAFE, throw by LF to home
|
|
Batting: RHB Josh Houck
|
0-0: Called Strike 0-1: Called Strike 0-2: Foul Ball, location: 2F 0-2: SINGLE (Groundball, 56D, EV 98.1 MPH) Justin Henderson to second
|
|
Batting: RHB Dwight Carter
|
0-0: Called Strike 0-1: Foul Ball, location: 2F 0-2: Fly out, F9 (Flyball, 9S, EV 93.1 MPH)
|
| Top of the 4th over - 1 run, 3 hits, 0 errors, 2 left on base; Nassau 1 - Mazatlan 11 |
| BOTTOM OF THE 4TH |
|
Mazatlan Playas batting - Pitching for Nassau Black Sails : RHP Bob Reese
|
|
Batting: RHB Mark Naehring
|
0-0: Ball 1-0: Called Strike 1-1: Ball 2-1: Swinging Strike 2-2: Ball 3-2: Strikes out looking
|
|
Batting: LHB Dan Rohn
|
0-0: Called Strike 0-1: Ball 1-1: Ball 2-1: Foul Ball, location: 2F 2-2: Ball 3-2: Foul Ball, location: 2F 3-2: Foul Ball, location: 2F 3-2: Base on Balls
|
|
Batting: SHB Tony Fernandez
|
0-0: Called Strike 0-1: Swinging Strike 0-2: Ball 1-2: Ball 2-2: Ball 3-2: Foul Ball, location: 2F 3-2: Base on Balls Dan Rohn to second
|
|
Batting: LHB Brent Hillenga
|
0-0: Ball Wild Pitch! Dan Rohn to third Tony Fernandez to second 1-0: Foul Ball, location: 2F 1-1: Foul Ball, location: 2F 1-2: Foul Ball, location: 2F 1-2: Ball 2-2: Ground out 4-3 (Groundball, 4S, EV 84.4 MPH) Dan Rohn scores Tony Fernandez to third
|
|
Batting: RHB Robert Potts
|
0-0: SINGLE (Line Drive, 9S, EV 110.6 MPH) Tony Fernandez scores
|
|
Batting: LHB Matt Winters
|
0-0: Ball 1-0: Swinging Strike 1-1: Ball 2-1: Foul Ball, location: 2F 2-2: Ball 3-2: SINGLE (Groundball, 56D, EV 98.1 MPH) Robert Potts to second Robert Potts to third
|
|
Batting: LHB Max Venable
|
0-0: Ball 1-0: Swinging Strike 1-1: Ball 2-1: SINGLE (Groundball, 4MD, EV 100.6 MPH) Robert Potts scores Matt Winters to second
|
|
Batting: RHB Dale Berra
|
0-0: Called Strike 0-1: Ball 1-1: Called Strike 1-2: Ball 2-2: Ground out 4-3 (Groundball, 4MS, EV 65.6 MPH)
|
| Bottom of the 4th over - 3 runs, 3 hits, 0 errors, 2 left on base; Nassau 1 - Mazatlan 14 |
| TOP OF THE 5TH |
|
Nassau Black Sails batting - Pitching for Mazatlan Playas : RHP Chris Whitt
|
|
Batting: RHB Rob Andrews
|
0-0: Called Strike 0-1: Ground out 5-3 (Groundball, 56, EV 98.8 MPH)
|
|
Batting: LHB Creighton Tevlin
|
0-0: Called Strike 0-1: Ball 1-1: Ball 2-1: Foul Ball, location: 2F 2-2: Ground out 6-3 (Groundball, 6, EV 98.8 MPH)
|
|
Batting: LHB Jason Turner
|
0-0: Ball 1-0: Ball 2-0: Ground out 4-3 (Groundball, 4M, EV 86.3 MPH)
|
| Top of the 5th over - 0 runs, 0 hits, 0 errors, 0 left on base; Nassau 1 - Mazatlan 14 |
| BOTTOM OF THE 5TH |
|
Mazatlan Playas batting - Pitching for Nassau Black Sails : RHP Bob Reese
|
|
Batting: SHB Donnie Scott
|
0-0: SINGLE (Line Drive, 5D, EV 100.0 MPH)
|
|
Batting: RHB Mark Naehring
|
0-0: Ball 1-0: Ball 2-0: Ball 3-0: Called Strike 3-1: Base on Balls Donnie Scott to second
|
|
Pitching: RHP Jason Phair
|
|
|
Batting: LHB Dan Rohn
|
0-0: Called Strike 0-1: Ball 1-1: Ball 2-1: Ball 3-1: Foul Ball, location: 2F 3-2: Base on Balls Donnie Scott to third Mark Naehring to second
|
|
Batting: SHB Tony Fernandez
|
0-0: Called Strike 0-1: Fly out, F8 (Flyball, 8RS, EV 74.4 MPH)
|
|
Batting: LHB Brent Hillenga
|
0-0: Ball 1-0: Ball 2-0: Ball 3-0: Called Strike 3-1: Called Strike 3-2: Base on Balls Donnie Scott scores Mark Naehring to third Dan Rohn to second
|
|
Batting: RHB Robert Potts
|
0-0: Ball 1-0: Called Strike 1-1: Foul Ball, location: 2F 1-2: Ball 2-2: SINGLE (Line Drive, 8LS, EV 101.3 MPH) Mark Naehring scores Dan Rohn to third Brent Hillenga to second
|
|
Batting: LHB Matt Winters
|
0-0: SINGLE (Groundball, 6MD, EV 104.4 MPH) Dan Rohn scores Brent Hillenga to third Robert Potts to second Runner from 3rd tries for Home, SAFE, no throw by CF
|
|
Batting: LHB Max Venable
|
0-0: Ball 1-0: Called Strike 1-1: Foul Ball, location: 2F 1-2: Fielders Choice at 2nd, 3-6 (Groundball, 34, EV 108.8 MPH) Robert Potts to third
|
|
Batting: RHB Dale Berra
|
0-0: Ball 1-0: Fly out, F9 (Flyball, 9D, EV 105.0 MPH)
|
| Bottom of the 5th over - 4 runs, 3 hits, 0 errors, 2 left on base; Nassau 1 - Mazatlan 18 |
| TOP OF THE 6TH |
|
Nassau Black Sails batting - Pitching for Mazatlan Playas : RHP Chris Whitt
|
|
Batting: LHB Phil Childers
|
0-0: Ball 1-0: Swinging Strike 1-1: Ground out 4-3 (Groundball, 4, EV 84.4 MPH)
|
|
Batting: RHB Gene Laguna
|
0-0: Ball 1-0: Called Strike 1-1: Ball 2-1: DOUBLE (Flyball, 78D, EV 106.9 MPH)
|
|
Batting: RHB Juan Martinez
|
0-0: Ball 1-0: Fly out, F3 (Line Drive, 3, EV 73.1 MPH)
|
|
Batting: RHB Justin Henderson
|
0-0: Ball 1-0: Ball 2-0: Called Strike 2-1: Foul Ball, location: 2F 2-2: Ground out 4-3 (Groundball, 4, EV 83.8 MPH)
|
| Top of the 6th over - 0 runs, 1 hit, 0 errors, 1 left on base; Nassau 1 - Mazatlan 18 |
| BOTTOM OF THE 6TH |
|
Mazatlan Playas batting - Pitching for Nassau Black Sails : RHP Jason Phair
|
|
Batting: SHB Donnie Scott
|
0-0: Foul Ball, location: 2F 0-1: Ball 1-1: Ball 2-1: Foul Ball, location: 2F 2-2: SINGLE (Line Drive, 9LS, EV 89.4 MPH)
|
|
Batting: RHB Mark Naehring
|
0-0: Ball 1-0: Foul Ball, location: 2F 1-1: Called Strike 1-2: Strikes out looking
|
|
Batting: LHB Dan Rohn
|
0-0: Ball 1-0: Foul Ball, location: 2F 1-1: SINGLE (Flyball, 78M, EV 91.9 MPH) Donnie Scott to second
|
|
Batting: SHB Tony Fernandez
|
0-0: Ball 1-0: Called Strike 1-1: Ball 2-1: Ball 3-1: Foul Ball, location: 2F 3-2: Foul Ball, location: 2F 3-2: Fielders Choice at 2nd, 6-4 (Groundball, 6, EV 86.9 MPH) Donnie Scott to third
|
|
Batting: LHB Brent Hillenga
|
0-0: SINGLE (Groundball, 6MD, EV 100.6 MPH) Donnie Scott scores Tony Fernandez to second
|
|
Batting: RHB Robert Potts
|
0-0: Ball 1-0: Fly out, F8 (Flyball, 8LM, EV 82.5 MPH)
|
| Bottom of the 6th over - 1 run, 3 hits, 0 errors, 2 left on base; Nassau 1 - Mazatlan 19 |
| TOP OF THE 7TH |
|
Nassau Black Sails batting - Pitching for Mazatlan Playas : RHP Chris Whitt
|
|
Batting: RHB Josh Houck
|
0-0: Swinging Strike 0-1: Foul Ball, location: 2F 0-2: Ball 1-2: Ball 2-2: Foul Ball, location: 2F 2-2: Strikes out swinging
|
|
Batting: RHB Dwight Carter
|
0-0: Ball 1-0: Ground out 4-3 (Groundball, 4, EV 85.6 MPH)
|
|
Batting: RHB Rob Andrews
|
0-0: Ball 1-0: Ground out 1-3 (Groundball, 13, EV 67.5 MPH)
|
| Top of the 7th over - 0 runs, 0 hits, 0 errors, 0 left on base; Nassau 1 - Mazatlan 19 |
| BOTTOM OF THE 7TH |
|
Mazatlan Playas batting - Pitching for Nassau Black Sails : RHP Jason Phair
|
|
Batting: LHB Matt Winters
|
0-0: Called Strike 0-1: Ball 1-1: Ball 2-1: Swinging Strike 2-2: Foul Ball, location: 2F 2-2: Ball 3-2: Foul Ball, location: 2F 3-2: Base on Balls
|
|
Pitching: RHP Angelo Acosta
|
|
|
Batting: LHB Max Venable
|
0-0: Ball 1-0: Swinging Strike 1-1: Ball 2-1: Foul Ball, location: 2F 2-2: Ball 3-2: Base on Balls Matt Winters to second
|
|
Batting: RHB Dale Berra
|
0-0: Fly out, F8 (Flyball, 8LS, EV 95.0 MPH)
|
|
Batting: SHB Donnie Scott
|
0-0: Ball 1-0: Ball Wild Pitch! Matt Winters to third Max Venable to second 2-0: Fly out, F9 (Flyball, 9, EV 85.6 MPH) Runner from 3rd tags up, SCORES, throw by RF
|
|
Pinch Hitting: RHB Antonio Uribe
|
0-0: Ball 1-0: Called Strike 1-1: Swinging Strike 1-2: Foul Ball, location: 2F 1-2: Foul Ball, location: 2F 1-2: Ball 2-2: Ball 3-2: Base on Balls
|
|
Batting: LHB Dan Rohn
|
0-0: Ball 1-0: Ball Wild Pitch! Max Venable to third Antonio Uribe to second 2-0: Foul Ball, location: 2F 2-1: Fly out, F8 (Flyball, 78S, EV 83.8 MPH)
|
| Bottom of the 7th over - 1 run, 0 hits, 0 errors, 2 left on base; Nassau 1 - Mazatlan 20 |
| TOP OF THE 8TH |
|
Nassau Black Sails batting - Pitching for Mazatlan Playas : RHP Chris Whitt
|
|
Now at 1B: Antonio Uribe
|
|
|
Batting: LHB Creighton Tevlin
|
0-0: Called Strike 0-1: Ball 1-1: Swinging Strike 1-2: Ball 2-2: Fly out, F8 (Line Drive, 8RD, EV 88.8 MPH)
|
|
Batting: LHB Jason Turner
|
0-0: Ball 1-0: Ball 2-0: Ball 3-0: Called Strike 3-1: Base on Balls
|
|
Batting: LHB Phil Childers
|
0-0: SINGLE (Groundball, 3S, EV 87.5 MPH) (infield hit) Jason Turner to second
|
|
Batting: RHB Gene Laguna
|
0-0: Swinging Strike 0-1: Ball 1-1: TRIPLE (Flyball, 78XD, EV 114.4 MPH) Jason Turner scores Phil Childers scores
|
|
Batting: RHB Juan Martinez
|
0-0: Ball 1-0: Ground out 5-3 (Groundball, 56, EV 88.8 MPH) Gene Laguna scores
|
|
Batting: RHB Justin Henderson
|
0-0: Called Strike 0-1: Fly out, F8 (Flyball, 8RD, EV 97.5 MPH)
|
| Top of the 8th over - 3 runs, 2 hits, 0 errors, 0 left on base; Nassau 4 - Mazatlan 20 |
| BOTTOM OF THE 8TH |
|
Mazatlan Playas batting - Pitching for Nassau Black Sails : RHP Angelo Acosta
|
|
Batting: SHB Tony Fernandez
|
0-0: Swinging Strike 0-1: Ball 1-1: Ball 2-1: Called Strike 2-2: Ball 3-2: Base on Balls
|
|
Batting: LHB Brent Hillenga
|
0-0: Foul Ball, location: 2F 0-1: Ball 1-1: Foul Ball, location: 2F 1-2: Ball 2-2: Ball 3-2: Base on Balls Tony Fernandez to second
|
|
Batting: RHB Robert Potts
|
0-0: Fly out, F2 (Popup, 13S, EV 83.8 MPH)
|
|
Batting: LHB Matt Winters
|
0-0: Foul Ball, location: 2F 0-1: Ball 1-1: Foul Ball, location: 2F 1-2: Hit by Pitch Tony Fernandez to third Brent Hillenga to second
|
|
Batting: LHB Max Venable
|
0-0: Ball 1-0: Ball 2-0: Foul Ball, location: 2F 2-1: Ball 3-1: Foul Ball, location: 2F 3-2: Base on Balls Tony Fernandez scores Brent Hillenga to third Matt Winters to second
|
|
Batting: RHB Dale Berra
|
0-0: Called Strike 0-1: Ball 1-1: Called Strike 1-2: Strikes out looking
|
|
Batting: SHB Donnie Scott
|
0-0: Ball 1-0: Called Strike 1-1: GRAND SLAM HOME RUN (Flyball, 7D, EV 96.3 MPH), Distance : 387 ft
|
|
Pitching: RHP Jimmy Briggs
|
|
|
Batting: RHB Antonio Uribe
|
0-0: Ball 1-0: Foul Ball, location: 2F 1-1: Ball 2-1: Swinging Strike 2-2: Strikes out swinging
|
| Bottom of the 8th over - 5 runs, 1 hit, 0 errors, 0 left on base; Nassau 4 - Mazatlan 25 |
| TOP OF THE 9TH |
|
Nassau Black Sails batting - Pitching for Mazatlan Playas : RHP Chris Whitt
|
|
Pitching: RHP Bob Ferris
|
|
|
Batting: RHB Josh Houck
|
0-0: Foul Ball, location: 2F 0-1: Foul Ball, location: 2F 0-2: Strikes out swinging
|
|
Batting: RHB Dwight Carter
|
0-0: Ball 1-0: Foul Ball, location: 2F 1-1: Swinging Strike 1-2: Foul Ball, location: 2F 1-2: Ball 2-2: Foul Ball, location: 2F 2-2: Strikes out looking
|
|
Batting: RHB Rob Andrews
|
0-0: Ground out U3 (Groundball, 34, EV 100.6 MPH)
|
| Top of the 9th over - 0 runs, 0 hits, 0 errors, 0 left on base; Nassau 4 - Mazatlan 25 |
|